 Dungeon Crawl Stone Soup version 0.29-a0-284-gf9362112df (webtiles) character file.

Game seed: 6521441896327085961

392 PaleWalker the Magician (level 6, -1/36 HPs)
             Began as an Octopode Hedge Wizard on Mar 14, 2022.
             Was an Initiate of Vehumet.
             Shot with an arrow by a centaur (4 damage)
             ... on level 5 of the Dungeon.
             The game lasted 00:12:26 (4892 turns).

PaleWalker the Magician (Octopode Hedge Wizard)     Turns: 4892, Time: 00:12:27

Health: -1/36      AC:  1    Str:  9    XL:     6   Next: 80%
Magic:  10/12      EV: 13    Int: 19    God:    Vehumet [......]
Gold:   221        SH:  0    Dex: 11    Spells: 7/13 levels left

rFire   . . .      SeeInvis .   x - +3 whip (elec)
rCold   . . .      Faith    .   (no shield)
rNeg    . . .      Spirit   .   b - +0 hat
rPois   .          Reflect  .   (no amulet)
rElec   .          Harm     .   p - ring of resist corrosion
rCorr   +          Rampage  .   (no ring)
Will    .....                   (no ring)
Stlth   +++.......              (no ring)
HPRegen 0.12/turn               (no ring)
MPRegen 0.13/turn               (no ring)
                                (no ring)
                                (no ring)

@: no status effects
A: almost no armour, amphibious, 8 rings, camouflage 1, gelatinous body 1,
(nimble swimmer 1), tentacles
a: Renounce Religion


You were on level 5 of the Dungeon.
You worshipped Vehumet.
Vehumet was noncommittal.
You visited 1 branch of the dungeon, and saw 5 of its levels.

You collected 221 gold pieces.

Inventory:

Hand Weapons
 f - a +0 rapier
 x - a +3 whip of electrocution (weapon)
Armour
 b - a +0 hat (worn)
Jewellery
 p - a ring of resist corrosion (left tentacle)
Scrolls
 a - a scroll of immolation {unknown}
 d - a scroll of enchant armour {unknown}
 g - 2 scrolls of torment {unknown}
 i - 3 scrolls of identify {unknown}
 j - a scroll of enchant weapon {unknown}
 k - a scroll of blinking {unknown}
 l - a scroll of fog {unknown}
 m - a scroll of acquirement {unknown}
 q - 2 scrolls of vulnerability {unknown}
 r - a scroll of teleportation {unknown}
 s - 3 scrolls of magic mapping {unknown}
 w - a scroll of fear {unknown}
Potions
 c - a potion of magic
 e - 2 potions of haste {unknown}
 h - a potion of mutation {unknown}
 n - a potion of curing {unknown}
 o - a potion of degeneration {unknown}
 t - a potion of flight {unknown}
 u - a potion of heal wounds {unknown}
 v - a potion of invisibility {unknown}


   Skills:
 - Level 2.0 Dodging
 - Level 2.6 Stealth
 + Level 4.3 Spellcasting
 + Level 4.1 Conjurations
 - Level 3.0 Hexes
 - Level 1.0 Summonings
 - Level 1.0 Translocations
 * Level 2.2 Poison Magic


You had 7 spell levels left.
You knew the following spells:

 Your Spells              Type           Power      Damage    Failure   Level
a - Magic Dart            Conj           76%        1d6       2%          1
b - Slow                  Hex            60%        N/A       3%          1
c - Mephitic Cloud        Conj/Pois/Air  12%        N/A       17%         3
d - Shock                 Conj/Air       48%        1d6       5%          1

Your spell library contained the following spells:

 Spells                   Type           Power      Damage    Failure   Level
 Blink                    Tloc           14%        N/A       13%         2
 Call Imp                 Summ           7%         N/A       13%         2
 Conjure Flame            Conj/Fire      12%        6-21      17%         3
 Gell's Gravitas          Tloc           7%         N/A       26%         3
 Lesser Beckoning         Tloc           7%         N/A       26%         3
 Teleport Other           Tloc           7%         N/A       26%         3
 Ignite Poison            Fire/Tmut/Pois 6%         N/A       30%         3
 Freezing Cloud           Conj/Ice/Air   4%         6-21      91%         5


Dungeon Overview and Level Annotations

Branches:
Dungeon (5/15)
 Temple: D:4-7

Altars:
Vehumet
Beogh

Shops:
D:4 *

Annotations:
D:3 3 runed translucent doors, Foxy's ghost, amateur MfVM


Innate Abilities, Weirdness & Mutations

You cannot wear most types of armour.
You are amphibious.
You can wear up to eight rings at the same time.
Your skin changes colour to match your surroundings (Stealth+).
Your rubbery body absorbs attacks. (AC +1, EV +1)
((You are camouflaged when in or above water. (Stealth+)))
You have tentacles for arms and can constrict up to eight enemies at once.


Message History

There is a stone staircase leading up, spattered with blood here.
You can't go down here!
The orc misses you.
You climb upwards.
There is a stone staircase leading down here.
You puncture the orc!
You kill the orc!
Vehumet accepts your kill.
Things that are here:
a +0 mace; an orc corpse
There is a stone staircase leading down here.
You hear the crackle of electricity.
x - a +3 whip of electrocution (weapon)
You have 6 tentacles available for constriction.
Your movement speed is average.
Your attack delay is about 1.1.
Magic restored.
HP restored.
Done exploring.
Press: ? - help, v - describe, . - travel A stone staircase leading down.
There is a stone staircase leading down here.
You climb downwards.
There is a stone staircase leading up here.
You see here a +0 club.
There is an open door here.
A centaur comes into view.
The magic dart hits the centaur.
The centaur is lightly wounded.
The centaur shouts!
You hear a shout!
The centaur wields a +0 shortbow.
The centaur shoots an arrow.
The arrow hits you!
The magic dart hits the centaur.
The centaur is moderately wounded.
The centaur shoots an arrow.
The arrow hits you!
The centaur shoots an arrow.
The arrow hits you!
* * * LOW HITPOINT WARNING * * *
The centaur shoots an arrow.
The arrow hits you!
* * * LOW HITPOINT WARNING * * *
The centaur shoots an arrow.
The arrow hits you.
You die...

##### #................#
....# #................#
.##'###
##..............#)...#
.##≈.≈#
####......#.....##....#
#≈§.≈≈####....####.###.###
...## ≈≈#.#≈≈#....####...#
#.# ...#
§§)<.§§#.........### #.# #
...#
≈≈#.#§§#.......#.#####....
..##
#≈§)≈§##.....#..@......c..
...
##≈.≈##.........###.......
.##'##........#####.#.c.##
.................. .. ....
................# ... .##
###............###..#.# #
#................##.#
#................. .#
#...............#.


You could see 2 centaurs.

Vanquished Creatures
  An ogre (D:5)
  A phantom (D:4)
  Jessica (D:2)
  3 iguanas
  A mummy (D:4)
  A gnoll (D:5)
  4 adders
  A white imp (D:5)
  3 dart slugs
  3 orcs
  4 endoplasms
  A giant cockroach (D:1)
  15 goblins
  5 hobgoblins
  4 kobolds
  A quokka (D:4)
  6 ball pythons
  3 bats (D:2)
  3 frilled lizards (D:1)
  A goblin zombie (D:4)
  A kobold zombie (D:4)
  5 rats
68 creatures vanquished.

Notes
Turn   | Place    | Note
-------+----------+-------------------------------------------
     0 | D:1      | PaleWalker the Octopode Hedge Wizard began the quest for
                  | the Orb.
     0 | D:1      | Reached XP level 1. HP: 11/11 MP: 4/4
    60 | D:1      | Found a faded altar of an unknown god.
   218 | D:1      | Reached XP level 2. HP: 17/17 MP: 3/6
  1137 | D:2      | Noticed Jessica
  1140 | D:2      | Killed Jessica
  1141 | D:2      | Reached XP level 3. HP: 18/21 MP: 7/7
  1267 | D:2      | Reached XP level 4. HP: 27/27 MP: 4/9
  1314 | D:2      | Learned a level 1 spell: Slow
  2040 | D:3      | Found a runed translucent gate.
  2041 | D:3      | Found a runed translucent gate.
  2041 | D:3      | Found a runed translucent gate.
  2044 | D:3      | Noticed Foxy's ghost (amateur MfVM)
  2265 | D:3      | Found a radiant altar of Vehumet.
  2273 | D:3      | Became a worshipper of Vehumet
  2372 | D:3      | Reached skill level 1 in Hexes
  2710 | D:4      | Reached XP level 5. HP: 24/31 MP: 1/10
  3304 | D:4      | Found Geycwuh's Mayhem Merchandise.
  3456 | D:4      | Noticed a phantom
  3477 | D:4      | Killed a phantom
  3478 | D:4      | Reached XP level 6. HP: 14/36 MP: 7/12
  3482 | D:4      | Learned a level 3 spell: Mephitic Cloud
  3855 | D:4      | Reached * piety under Vehumet
  3855 | D:4      | Offered knowledge of Shock by Vehumet.
  3971 | D:4      | Learned a level 1 spell: Shock
  3972 | D:5      | Entered Level 5 of the Dungeon
  4178 | D:5      | Reached skill level 1 in Poison Magic
  4892 | D:5      | Shot with an arrow by a centaur

Illustrated notes

Levels and vault maps discovered:
D:1:      minmay_arrival_shattered_statue, layout_basic,
          hellmonk_ecumenical_altar_lost_god, item_on_display_a
D:2:      layout_loops_ring, chequers_serial_rivers_small_a, uniq_jessica
D:3:      layout_rooms, mainiacjoe_overflow_surrounded_room,
          biasface_ghost_orc_armoury
D:4:      layout_basic, nicolae_ossuary_entry_giza, minmay_shop_mayhem
D:5:      layout_rooms, temple_doors_ab, kennysheep_small_circle

Skill      XL: |  1  2  3  4  5  6 |
---------------+-------------------+-----
Conjurations   | 2 3 4 |  4.1
Hexes          | 1 3 |  3.0
Spellcasting   | 4 |  4.3
Poison Magic   | 2 |  2.2
Dodging        | |  2.0
Stealth        | |  2.6
Summonings     | |  1.0
Translocations | |  1.0

Action                   |  1- 3 |  4- 6 || total
-------------------------+-------+-------++-------
Melee: Dagger            |     2 |       ||     2
       Constrict         |     2 |    13 ||    15
       Rapier            |     6 |    71 ||    77
       Tentacles         |       |    16 ||    16
       Punch             |       |     1 ||     1
 Cast: Magic Dart        |    49 |   109 ||   158
       Slow              |       |    11 ||    11
       Mephitic Cloud    |       |     1 ||     1
 Stab: Sleeping          |     2 |     1 ||     3
Armor: Skin              |       |    11 ||    11
Dodge: Dodged            |     2 |    53 ||    55

Table legend: (Time is in decaauts)
 A = Elapsed time spent in this place.
 B = Non-inter-level travel time spent in this place.
 C = Inter-level travel time spent in this place.
 D = Time resting spent in this place.
 E = Time spent auto-exploring this place.
 F = Levels seen in this place.
 G = Mean time per level.
                   A        B        C        D        E       F      G
               +--------+--------+--------+--------+--------+-----+--------+
         Total |   4910 |   4737 |    173 |    662 |   3515 |   5 |  982.0 |
       Dungeon |   4910 |   4737 |    173 |    662 |   3515 |   5 |  982.0 |
               +--------+--------+--------+--------+--------+-----+--------+

Top non-repeatable levels by time:
     D:4: 1641 daAuts
     D:1: 1054 daAuts
     D:2: 987 daAuts
     D:3: 830 daAuts
     D:5: 395 daAuts
